| TOP OF THE 1ST |
|
Scranton WB RailRiders batting - Pitching for Pawtucket Red Sox : RHP Steve Capizzi
|
|
Pitching: RHP Steve Capizzi
|
|
|
Batting: RHB Andy Wasierski
|
0-0: Called Strike 0-1: Ground out U3 (Groundball, 34, EV 99.4 MPH)
|
|
Batting: RHB Jerry Castro
|
0-0: Ball 1-0: Swinging Strike 1-1: Ball 2-1: Called Strike 2-2: Ground out 5-3 (Groundball, 56, EV 81.9 MPH)
|
|
Batting: LHB Aaron Joyner
|
0-0: Ball 1-0: Swinging Strike 1-1: Called Strike 1-2: Ball 2-2: Foul Ball, location: 2F 2-2: Strikes out swinging
|
| Top of the 1st over - 0 runs, 0 hits, 0 errors, 0 left on base; Scranton WB 0 - Pawtucket 0 |
| BOTTOM OF THE 1ST |
|
Pawtucket Red Sox batting - Pitching for Scranton WB RailRiders : LHP Omar Quinones
|
|
Pitching: LHP Omar Quinones
|
|
|
Batting: RHB Andy Garvin
|
0-0: Fly out, F9 (Flyball, 9D, EV 93.8 MPH)
|
|
Batting: RHB Carlos Nolasco
|
0-0: Fly out, F8 (Flyball, 8RD, EV 100.0 MPH)
|
|
Batting: RHB Roberto Morales
|
0-0: Ball 1-0: Ball 2-0: Ball 3-0: Called Strike 3-1: SINGLE (Groundball, 4MD, EV 99.4 MPH)
|
|
Batting: RHB Joe Sandoval
|
0-0: Ball 1-0: Called Strike Roberto Morales steals 2nd, throwing error, E2 Roberto Morales to third 1-1: Called Strike 1-2: Strikes out swinging
|
| Bottom of the 1st over - 0 runs, 1 hit, 1 error, 1 left on base; Scranton WB 0 - Pawtucket 0 |
| TOP OF THE 2ND |
|
Scranton WB RailRiders batting - Pitching for Pawtucket Red Sox : RHP Steve Capizzi
|
|
Batting: RHB Devon Utley
|
0-0: Ball 1-0: Ball 2-0: Swinging Strike 2-1: Ball 3-1: Foul Ball, location: 2F 3-2: Strikes out looking
|
|
Batting: SHB Ryan Buchbinder
|
0-0: Called Strike 0-1: Ground out 4-3 (Groundball, 4, EV 100.0 MPH)
|
|
Batting: LHB Jose Lebron
|
0-0: Ball 1-0: Called Strike 1-1: SINGLE (Line Drive, 8RS, EV 106.2 MPH)
|
|
Batting: RHB Mike Gifford
|
0-0: Foul Ball, location: 2F 0-1: Ball 1-1: Ball 2-1: Ground out U3 (Groundball, 3, EV 100.6 MPH)
|
| Top of the 2nd over - 0 runs, 1 hit, 0 errors, 1 left on base; Scranton WB 0 - Pawtucket 0 |
| BOTTOM OF THE 2ND |
|
Pawtucket Red Sox batting - Pitching for Scranton WB RailRiders : LHP Omar Quinones
|
|
Batting: RHB Brandon Perris
|
0-0: Called Strike 0-1: Foul Ball, location: 2F 0-2: Strikes out swinging
|
|
Batting: LHB Zack Guillen
|
0-0: Ground out U3 (Groundball, 3S, EV 75.6 MPH)
|
|
Batting: RHB Neil Mautone
|
0-0: Ball 1-0: Ball 2-0: Foul Ball, location: 2F 2-1: Swinging Strike 2-2: Strikes out swinging
|
| Bottom of the 2nd over - 0 runs, 0 hits, 0 errors, 0 left on base; Scranton WB 0 - Pawtucket 0 |
| TOP OF THE 3RD |
|
Scranton WB RailRiders batting - Pitching for Pawtucket Red Sox : RHP Steve Capizzi
|
|
Batting: SHB Jose Vargas
|
0-0: Fly out, F4 (Line Drive, 4MD, EV 67.5 MPH)
|
|
Batting: RHB Mike Plugge
|
0-0: Foul Ball, location: 2F 0-1: Swinging Strike 0-2: Ground out U3 (Groundball, 34, EV 100.6 MPH)
|
|
Batting: RHB Andy Wasierski
|
0-0: Ball 1-0: Ball 2-0: Ball 3-0: Called Strike 3-1: Base on Balls
|
|
Batting: RHB Jerry Castro
|
0-0: Foul Ball, location: 2F 0-1: Ball 1-1: Fly out, F7 (Line Drive, 7D, EV 84.4 MPH)
|
| Top of the 3rd over - 0 runs, 0 hits, 0 errors, 1 left on base; Scranton WB 0 - Pawtucket 0 |
| BOTTOM OF THE 3RD |
|
Pawtucket Red Sox batting - Pitching for Scranton WB RailRiders : LHP Omar Quinones
|
|
Batting: RHB Ted Emmerich
|
0-0: Called Strike 0-1: Ball 1-1: Ball 2-1: Ball 3-1: Ground out 5-3 (Groundball, 56, EV 84.4 MPH)
|
|
Batting: SHB Gus Cruz
|
0-0: Ball 1-0: Ball 2-0: SINGLE (Groundball, 5D, EV 94.4 MPH)
|
|
Batting: RHB Andy Garvin
|
0-0: Called Strike 0-1: Foul Ball, location: 2F 0-2: Ball 1-2: Foul Ball, location: 2F 1-2: Ball 2-2: Ball 3-2: Strikes out looking Gus Cruz steals 2nd base Batter strikes out.
|
|
Batting: RHB Carlos Nolasco
|
0-0: Foul Ball, location: 2F 0-1: Ball 1-1: Ball 2-1: Fly out, F7 (Flyball, 7D, EV 95.0 MPH)
|
| Bottom of the 3rd over - 0 runs, 1 hit, 0 errors, 1 left on base; Scranton WB 0 - Pawtucket 0 |
| TOP OF THE 4TH |
|
Scranton WB RailRiders batting - Pitching for Pawtucket Red Sox : RHP Steve Capizzi
|
|
Batting: LHB Aaron Joyner
|
0-0: Ball 1-0: Ball 2-0: Fly out, F8 (Flyball, 8LD, EV 98.8 MPH)
|
|
Batting: RHB Devon Utley
|
0-0: Ball 1-0: Ball 2-0: Called Strike 2-1: Foul Ball, location: 2F 2-2: Strikes out looking
|
|
Batting: SHB Ryan Buchbinder
|
0-0: Ball 1-0: Called Strike 1-1: Swinging Strike 1-2: Ball 2-2: Ball 3-2: SINGLE (Line Drive, 34, EV 98.1 MPH)
|
|
Batting: LHB Jose Lebron
|
0-0: Called Strike 0-1: Ball 1-1: Ball 2-1: Foul Ball, location: 2F 2-2: Ball 3-2: Foul Ball, location: 2F 3-2: Strikes out swinging
|
| Top of the 4th over - 0 runs, 1 hit, 0 errors, 1 left on base; Scranton WB 0 - Pawtucket 0 |
| BOTTOM OF THE 4TH |
|
Pawtucket Red Sox batting - Pitching for Scranton WB RailRiders : LHP Omar Quinones
|
|
Batting: RHB Roberto Morales
|
0-0: Ground out 4-3 (Groundball, 4M, EV 97.5 MPH)
|
|
Batting: RHB Joe Sandoval
|
0-0: Ball 1-0: Foul Ball, location: 2F 1-1: Ball 2-1: Ball 3-1: Foul Ball, location: 2F 3-2: Foul Ball, location: 2F 3-2: Foul Ball, location: 2F 3-2: DOUBLE (Groundball, 5L, EV 109.4 MPH)
|
|
Batting: RHB Brandon Perris
|
0-0: Called Strike 0-1: Ball 1-1: Fly out, F7 (Flyball, 7D, EV 94.4 MPH) Runner from 2nd tags up, SAFE at 3rd, no throw by LF
|
|
Batting: LHB Zack Guillen
|
0-0: Ball 1-0: Ball 2-0: Foul Ball, location: 2F 2-1: Foul Ball, location: 2F 2-2: Ground out U3 (Groundball, 34, EV 83.8 MPH)
|
| Bottom of the 4th over - 0 runs, 1 hit, 0 errors, 1 left on base; Scranton WB 0 - Pawtucket 0 |
| TOP OF THE 5TH |
|
Scranton WB RailRiders batting - Pitching for Pawtucket Red Sox : RHP Steve Capizzi
|
|
Batting: RHB Mike Gifford
|
0-0: Foul Ball, location: 2F 0-1: Called Strike 0-2: Strikes out swinging, 2-3 out at first.
|
|
Batting: SHB Jose Vargas
|
0-0: Ground out U3 (Groundball, 34, EV 106.2 MPH)
|
|
Batting: RHB Mike Plugge
|
0-0: Ball 1-0: Fly out, F8 (Flyball, 8LD, EV 93.1 MPH)
|
| Top of the 5th over - 0 runs, 0 hits, 0 errors, 0 left on base; Scranton WB 0 - Pawtucket 0 |
| BOTTOM OF THE 5TH |
|
Pawtucket Red Sox batting - Pitching for Scranton WB RailRiders : LHP Omar Quinones
|
|
Batting: RHB Neil Mautone
|
0-0: Foul Ball, location: 2F 0-1: Ball 1-1: Ground out 1-3 (Groundball, 13S, EV 70.6 MPH)
|
|
Batting: RHB Ted Emmerich
|
0-0: Ball 1-0: Called Strike 1-1: Called Strike 1-2: Foul Ball, location: 2F 1-2: Ball 2-2: Ground out 4-3 (Groundball, 4, EV 82.5 MPH)
|
|
Batting: SHB Gus Cruz
|
0-0: Ball 1-0: Ball 2-0: Ball 3-0: Called Strike 3-1: Base on Balls
|
|
Batting: RHB Andy Garvin
|
0-0: Ball 1-0: Swinging Strike 1-1: Ball 2-1: Fly out, F7 (Flyball, 7, EV 93.8 MPH)
|
| Bottom of the 5th over - 0 runs, 0 hits, 0 errors, 1 left on base; Scranton WB 0 - Pawtucket 0 |
| TOP OF THE 6TH |
|
Scranton WB RailRiders batting - Pitching for Pawtucket Red Sox : RHP Steve Capizzi
|
|
Batting: RHB Andy Wasierski
|
0-0: Ball 1-0: Ball 2-0: Ball 3-0: Base on Balls
|
|
Batting: RHB Jerry Castro
|
0-0: Called Strike 0-1: Ball 1-1: Ball 2-1: SINGLE (Groundball, 25, EV 64.4 MPH) (infield hit) Andy Wasierski to second
|
|
Batting: LHB Aaron Joyner
|
0-0: Ball Andy Wasierski steals 3rd base Jerry Castro to second 1-0: Ball 2-0: Ground out 6-3 (Groundball, 6M, EV 88.8 MPH)
|
|
Batting: RHB Devon Utley
|
0-0: Ball 1-0: Ball 2-0: SINGLE (Line Drive, 34, EV 106.9 MPH) Andy Wasierski scores Jerry Castro to third
|
|
Batting: SHB Ryan Buchbinder
|
0-0: Called Strike 0-1: Ball 1-1: Called Strike Devon Utley steals 2nd base 1-2: Ball 2-2: Strikes out swinging
|
|
Batting: LHB Jose Lebron
|
0-0: Called Strike 0-1: Ball 1-1: Ball 2-1: Called Strike 2-2: Strikes out swinging
|
| Top of the 6th over - 1 run, 2 hits, 0 errors, 2 left on base; Scranton WB 1 - Pawtucket 0 |
| BOTTOM OF THE 6TH |
|
Pawtucket Red Sox batting - Pitching for Scranton WB RailRiders : LHP Omar Quinones
|
|
Batting: RHB Carlos Nolasco
|
0-0: Called Strike 0-1: Ball 1-1: Foul Ball, location: 2F 1-2: SINGLE (Groundball, 56S, EV 65.6 MPH) (infield hit)
|
|
Batting: RHB Roberto Morales
|
0-0: Ball 1-0: Foul Ball, location: 2F 1-1: Swinging Strike 1-2: Ball 2-2: Foul Ball, location: 2F 2-2: SINGLE (Groundball, 6S, EV 68.8 MPH) (infield hit) Carlos Nolasco to second
|
|
Pitching: RHP Whitney Batten
|
|
|
Pinch Hitting: LHB David Moore
|
0-0: Ball 1-0: Grounds into double play, 5-4-3 (Groundball, 56S, EV 76.9 MPH) Carlos Nolasco to third
|
|
Batting: RHB Brandon Perris
|
0-0: Called Strike 0-1: Fly out, F9 (Line Drive, 9, EV 105.0 MPH)
|
| Bottom of the 6th over - 0 runs, 2 hits, 0 errors, 1 left on base; Scranton WB 1 - Pawtucket 0 |
| TOP OF THE 7TH |
|
Scranton WB RailRiders batting - Pitching for Pawtucket Red Sox : RHP Steve Capizzi
|
|
Now at SS: Joe Evrard
|
|
|
Batting: RHB Mike Gifford
|
0-0: Ball 1-0: Foul Ball, location: 2F 1-1: Foul Ball, location: 2F 1-2: Foul Ball, location: 2F 1-2: Ball 2-2: Foul Ball, location: 2F 2-2: Ground out U3 (Groundball, 34, EV 83.8 MPH)
|
|
Batting: SHB Jose Vargas
|
0-0: Swinging Strike 0-1: Called Strike 0-2: Fly out, F7 (Flyball, 7D, EV 92.5 MPH)
|
|
Batting: RHB Mike Plugge
|
0-0: Ball 1-0: SOLO HOME RUN (Flyball, 78XD, EV 106.2 MPH), Distance : 403 ft
|
|
Batting: RHB Andy Wasierski
|
0-0: Ground out 6-3 (Groundball, 6S, EV 68.8 MPH)
|
| Top of the 7th over - 1 run, 1 hit, 0 errors, 0 left on base; Scranton WB 2 - Pawtucket 0 |
| BOTTOM OF THE 7TH |
|
Pawtucket Red Sox batting - Pitching for Scranton WB RailRiders : RHP Whitney Batten
|
|
Batting: LHB Zack Guillen
|
0-0: Ball 1-0: Fly out, F8 (Flyball, 89M, EV 89.4 MPH)
|
|
Batting: RHB Neil Mautone
|
0-0: Foul Ball, location: 2F 0-1: Ball 1-1: Foul Ball, location: 2F 1-2: Fly out, F4 (Popup, 23, EV 83.8 MPH)
|
|
Pinch Hitting: LHB Frank Olivo
|
0-0: Ball 1-0: Swinging Strike 1-1: Ball 2-1: Ball 3-1: Base on Balls
|
|
Batting: SHB Gus Cruz
|
0-0: Ball 1-0: Ball 2-0: Ball 3-0: Called Strike 3-1: Base on Balls Frank Olivo to second
|
|
Pinch Hitting: SHB Ben Ervin
|
0-0: Ball 1-0: Called Strike 1-1: Ground out 4-3 (Groundball, 34D, EV 83.8 MPH)
|
| Bottom of the 7th over - 0 runs, 0 hits, 0 errors, 2 left on base; Scranton WB 2 - Pawtucket 0 |
| TOP OF THE 8TH |
|
Scranton WB RailRiders batting - Pitching for Pawtucket Red Sox : RHP Steve Capizzi
|
|
Pitching: RHP Billy Fitzgerald
|
|
|
Now at 2B: Brandon Perris
|
|
|
Now at 3B: Ben Ervin
|
|
|
Now in LF: Frank Olivo
|
|
|
Now in CF: Gus Cruz
|
|
|
Now in RF: Zack Guillen
|
|
|
Batting: RHB Jerry Castro
|
0-0: Ball 1-0: Called Strike 1-1: Foul Ball, location: 2F 1-2: Ball 2-2: Strikes out swinging
|
|
Batting: LHB Aaron Joyner
|
0-0: Ball 1-0: Foul Ball, location: 2F 1-1: Foul Ball, location: 2F 1-2: Foul Ball, location: 2F 1-2: Ground out 5-3 (Groundball, 56, EV 87.5 MPH)
|
|
Batting: RHB Devon Utley
|
0-0: Ball 1-0: Called Strike 1-1: Ball 2-1: Foul Ball, location: 2F 2-2: Foul Ball, location: 2F 2-2: Foul Ball, location: 2F 2-2: Ball 3-2: Foul Ball, location: 2F 3-2: Strikes out swinging
|
| Top of the 8th over - 0 runs, 0 hits, 0 errors, 0 left on base; Scranton WB 2 - Pawtucket 0 |
| BOTTOM OF THE 8TH |
|
Pawtucket Red Sox batting - Pitching for Scranton WB RailRiders : RHP Whitney Batten
|
|
Pitching: RHP Joe Kimbrough
|
|
|
Batting: RHB Carlos Nolasco
|
0-0: Swinging Strike 0-1: Foul Ball, location: 2F 0-2: Foul Ball, location: 2F 0-2: Ball 1-2: Ball 2-2: Ball 3-2: Base on Balls
|
|
Batting: RHB Roberto Morales
|
0-0: Ball 1-0: Called Strike 1-1: SINGLE (Groundball, 4D, EV 105.0 MPH) Carlos Nolasco to second Runner from 2nd tries for 3rd, SAFE, throw by RF made to third
|
|
Batting: RHB Joe Evrard
|
0-0: Fly out, F8 (Flyball, 8LD, EV 84.4 MPH) Runner from 3rd tags up, SCORES, throw by CF
|
|
Batting: RHB Brandon Perris
|
0-0: Ball 1-0: Ball 2-0: Ball 3-0: Called Strike 3-1: Foul Ball, location: 2F 3-2: Foul Ball, location: 2F 3-2: Foul Ball, location: 2F 3-2: Fly out, F8 (Flyball, 8RD, EV 95.6 MPH)
|
|
Pitching: LHP Jay Turpin
|
|
|
Pinch Hitting: RHB Matt Hinkle
|
0-0: Foul Ball, location: 2F Pickoff Throw to First - Out! 1-3
|
| Bottom of the 8th over - 1 run, 1 hit, 0 errors, 0 left on base; Scranton WB 2 - Pawtucket 1 |
| TOP OF THE 9TH |
|
Scranton WB RailRiders batting - Pitching for Pawtucket Red Sox : RHP Billy Fitzgerald
|
|
Pitching: RHP Danny Klomp
|
|
|
Now in RF: Matt Hinkle
|
|
|
Batting: SHB Ryan Buchbinder
|
0-0: Ground out 4-3 (Groundball, 4, EV 83.8 MPH)
|
|
Batting: LHB Jose Lebron
|
0-0: Ball 1-0: Ball 2-0: Called Strike 2-1: Foul Ball, location: 2F 2-2: Strikes out swinging
|
|
Batting: RHB Mike Gifford
|
0-0: Called Strike 0-1: Ball 1-1: Called Strike 1-2: Ball 2-2: Strikes out looking
|
| Top of the 9th over - 0 runs, 0 hits, 0 errors, 0 left on base; Scranton WB 2 - Pawtucket 1 |
| BOTTOM OF THE 9TH |
|
Pawtucket Red Sox batting - Pitching for Scranton WB RailRiders : LHP Jay Turpin
|
|
Pitching: RHP Ricky Mercer
|
|
|
Now at 1B: Ryan Buchbinder
|
|
|
Now in CF: Jay Gagnon
|
|
|
Now in RF: Aaron Joyner
|
|
|
Batting: RHB Matt Hinkle
|
0-0: Called Strike 0-1: Ball 1-1: Reached on error, E6 (Groundball, 6, EV 76.2 MPH)
|
|
Batting: RHB Neil Mautone
|
0-0: Called Strike 0-1: Ball 1-1: Swinging Strike 1-2: Strikes out looking
|
|
Batting: LHB Frank Olivo
|
0-0: Ball 1-0: Ball 2-0: DOUBLE (Line Drive, 5D, EV 103.8 MPH) Matt Hinkle to third Runner from 3rd tries for Home, SAFE, throw by LF to trailing runner, SAFE at third!
|
|
Batting: SHB Gus Cruz
|
0-0: Called Strike 0-1: Foul Ball, location: 2F 0-2: Fielders Choice at home, 4-2 (Groundball, 4, EV 86.2 MPH)
|
|
Batting: SHB Ben Ervin
|
0-0: Swinging Strike 0-1: Ball 1-1: Foul Ball, location: 2F 1-2: Foul Ball, location: 2F 1-2: Strikes out swinging
|
| Bottom of the 9th over - 1 run, 1 hit, 1 error, 1 left on base; Scranton WB 2 - Pawtucket 2 |
| TOP OF THE 10TH |
|
Scranton WB RailRiders batting - Pitching for Pawtucket Red Sox : RHP Danny Klomp
|
|
Pitching: RHP Jim Whiteman
|
|
|
Batting: SHB Jose Vargas
|
0-0: Ground out 4-3 (Groundball, 4, EV 92.5 MPH)
|
|
Pinch Hitting: SHB Joe Fure
|
0-0: Ball 1-0: Called Strike 1-1: Ball 2-1: Foul Ball, location: 2F 2-2: Ball 3-2: Foul Ball, location: 2F 3-2: Foul Ball, location: 2F 3-2: SOLO HOME RUN (Flyball, 89XD, EV 100.0 MPH), Distance : 422 ft
|
|
Batting: RHB Andy Wasierski
|
0-0: Ball 1-0: Ball 2-0: Ground out 6-3 (Groundball, 6, EV 90.6 MPH)
|
|
Batting: RHB Jerry Castro
|
0-0: Ball 1-0: Ball 2-0: Foul Ball, location: 2F 2-1: Foul Ball, location: 2F 2-2: Strikes out swinging
|
| Top of the 10th over - 1 run, 1 hit, 0 errors, 0 left on base; Scranton WB 3 - Pawtucket 2 |
| BOTTOM OF THE 10TH |
|
Pawtucket Red Sox batting - Pitching for Scranton WB RailRiders : RHP Ricky Mercer
|
|
Now at 3B: Eric Davis
|
|
|
Batting: RHB Carlos Nolasco
|
0-0: Ball 1-0: Ball 2-0: Ball 3-0: Base on Balls
|
|
Batting: RHB Roberto Morales
|
0-0: Foul Ball, location: 2F 0-1: Swinging Strike 0-2: Foul Ball, location: 2F 0-2: Foul Ball, location: 2F 0-2: Grounds into double play, 4-6-3 (Groundball, 4, EV 85.0 MPH)
|
|
DELAY
|
Rain delay of 9 minutes in the 10th inning.
|
|
Batting: RHB Joe Evrard
|
0-0: Foul Ball, location: 2F 0-1: Ball 1-1: SINGLE (Groundball, 56D, EV 96.2 MPH)
|
|
Batting: RHB Brandon Perris
|
0-0: Foul Ball, location: 2F 0-1: Foul Ball, location: 2F 0-2: Foul Ball, location: 2F 0-2: Ball 1-2: Foul Ball, location: 2F 1-2: Ball 2-2: Strikes out swinging
|
| Bottom of the 10th over - 0 runs, 1 hit, 0 errors, 1 left on base; Scranton WB 3 - Pawtucket 2 |
|